 Dungeon Crawl Stone Soup version 0.23.2-33-g5129a83184 (webtiles) character file.

Game seed: 13685227670012073463

120 Exodus22XD the Magician (level 4, -1/24 HPs)
             Began as a Deep Elf Wizard on July 2, 2019.
             Slain by a gnoll
             ... wielding a +0 whip
              (3 damage)
             ... on level 3 of the Dungeon.
             The game lasted 00:10:03 (3013 turns).

Exodus22XD the Magician (Deep Elf Wizard)           Turns: 3013, Time: 00:10:04

Health: -1/24      AC:  3    Str:  4    XL:     4   Next: 75%
Magic:  2/12       EV: 13    Int: 24    God:
Gold:   150        SH:  0    Dex: 13    Spells: 3/11 levels left

rFire    . . .     SeeInvis .   m - +0 short sword
rCold    . . .     Gourm    .   (no shield)
rNeg     . . .     Faith    .   a - +0 robe
rPois    .         Spirit   .   b - +0 hat
rElec    .         Reflect  .   q - +0 cloak
rCorr    .         Harm     .   (no gloves)
MR       .....                  (no boots)
Stlth    ++........             (no amulet)
HPRegen  0.08/turn              (no ring)
MPRegen  0.13/turn              (no ring)

@: very slightly contaminated
A: no striking features
a: no special abilities


You were on level 3 of the Dungeon.
You were not hungry.

You visited 1 branch of the dungeon, and saw 4 of its levels.

You collected 150 gold pieces.

Inventory:

Hand Weapons
 m - a +0 short sword (weapon)
Armour
 a - a +0 robe (worn)
 b - a +0 hat (worn)
 q - a +0 cloak (worn)
Wands
 c - a wand of digging (6)
Scrolls
 e - 2 scrolls of identify
 i - a scroll of amnesia {unknown}
 o - a scroll of immolation {unknown}
 p - 3 scrolls of teleportation
Potions
 f - a potion of berserk rage {unknown}
 g - a potion of flight {unknown}
 h - 5 potions of haste {unknown}
 j - a potion of brilliance {unknown}
 k - 3 potions of curing {unknown}
Comestibles
 d - 7 rations


   Skills:
 - Level 2.4 Dodging
 - Level 2.4 Stealth
 - Level 4.4 Spellcasting
 - Level 3.4 Conjurations
 - Level 3.3 Summonings
 - Level 2.1 Translocations


You had 3 spell levels left.
You knew the following spells:

 Your Spells              Type           Power        Failure   Level  Hunger
a - Magic Dart            Conj           ###.         2%          1    None
b - Call Imp              Summ           ###.....     3%          2    None
c - Blink                 Tloc           N/A          6%          2    None
d - Conjure Flame         Conj/Fire      ##......     14%         3    ##.....

Your spell library contained the following spells:

 Spells                   Type           Power        Failure   Level  Hunger
 Slow                     Hex            #.......     14%         2    None
 Mephitic Cloud           Conj/Pois/Air  ##......     17%         3    ##.....


Dungeon Overview and Level Annotations

Branches:
Dungeon (4/15)
 Temple: D:4-7

Altars:
Ashenzari
Nemelex Xobeh

Annotations:
D:3 1 runed translucent door, Descartes's ghost, amateur OpFi


Message History

You climb upwards.
Level annotation: 1 runed translucent door, Descartes's ghost, amateur OpFi
There is a stone staircase leading down here.
Casting: Conjure Flame (safe; 14% risk of failure)
Confirm with . or Enter, or press ? or * to list all spells.
Aiming: Magic Dart (safe; 2% risk of failure)
Press: ? - help, Shift-Dir - straight line, f - gnoll
Aim: a gnoll, wielding a +0 whip The magic dart hits the gnoll but does no damage.
The gnoll hits you with a +0 whip!
* * * LOW HITPOINT WARNING * * *
Casting: Magic Dart (safe; 2% risk of failure)
Confirm with . or Enter, or press ? or * to list all spells.
Aiming: Magic Dart (safe; 2% risk of failure)
Press: ? - help, Shift-Dir - straight line, f/p - gnoll
Aim: a gnoll, wielding a +0 whip You miscast Magic Dart.
You are very lightly contaminated with residual magic.
Nothing appears to happen.
The gnoll hits you with a +0 whip.
You die...

#.###.#......#
#...#........####
###.####........#
#.#..'........###
#.#.##..........# ####
#....#.......#### ...#
#....#.......#
...######............#
...#....#...#...@....#
...#.##.#####..g.....#
...#.##.....#........####
=..#.######.............##
####.....#####[......##..#
#####.# #############.#
#...#.#
#....#≈$≈WFS+.########
#.#.#.#
#.##.########.##..)..#
#.#.#.# #.##.###
##..##.##._#


You could see a gnoll.

Vanquished Creatures
  Natasha (thrice) (D:3)
  An ooze (D:2)
  A dart slug (D:2)
  A leopard gecko (D:2)
  An orc (D:3)
  4 bats
  5 giant cockroaches
  2 goblins
  5 hobgoblins
  A kobold (D:2)
  2 frilled lizards
  6 rats
32 creatures vanquished.

Vanquished Creatures (collateral kills)
  A worm (D:3)
  3 orcs (D:3)
  A kobold (D:3)
5 creatures vanquished.

Grand Total: 37 creatures vanquished

Notes
Turn   | Place    | Note
-------+----------+-------------------------------------------
     0 | D:1      | Exodus22XD the Deep Elf Wizard began the quest for the Orb.
     0 | D:1      | Reached XP level 1. HP: 10/10 MP: 7/7
   248 | D:1      | Reached XP level 2. HP: 12/15 MP: 2/9
   252 | D:1      | Learned a level 2 spell: Call Imp
  1422 | D:2      | Reached XP level 3. HP: 19/19 MP: 2/10
  1506 | D:2      | Found a sparkling altar of Nemelex Xobeh.
  1649 | D:2      | Learned a level 2 spell: Blink
  2049 | D:3      | Noticed Natasha
  2053 | D:3      | Killed Natasha
  2185 | D:3      | Reached XP level 4. HP: 24/24 MP: 1/12
  2332 | D:3      | Noticed Natasha
  2338 | D:3      | Killed Natasha
  2428 | D:3      | Noticed Natasha
  2435 | D:3      | Killed Natasha
  2527 | D:3      | Found a runed translucent door.
  2529 | D:3      | Noticed a bullfrog
  2717 | D:3      | Found a shattered altar of Ashenzari.
  2852 | D:3      | Noticed Descartes's ghost (amateur OpFi)
  2864 | D:4      | Noticed an ogre
  2871 | D:3      | Learned a level 3 spell: Conjure Flame
  3013 | D:3      | Slain by a gnoll

Skill      XL: |  1  2  3  4 |
---------------+-------------+-----
Conjurations   | 2 3 |  3.4
Summonings     | 2 3 |  3.3
Translocations | 2 |  2.1
Dodging        | |  2.4
Stealth        | |  2.4
Spellcasting   | |  4.4

Action                   |  1- 3 |  4- 6 || total
-------------------------+-------+-------++-------
Melee: Short sword       |       |     8 ||     8
 Cast: Magic Dart        |    76 |    22 ||    98
       Blink             |     1 |       ||     1
       Call Imp          |     1 |       ||     1
       Conjure Flame     |       |     3 ||     3
  Use: Scroll            |     6 |       ||     6
  Eat: Chunk             |     3 |     1 ||     4
       Ration            |       |     1 ||     1
Armor: Robe              |     3 |       ||     3
Dodge: Dodged            |     7 |    13 ||    20
